 Dungeon Crawl Stone Soup version 0.29-a0-542-g075992c915 (console) character file.

Game seed: 1460919877035074668

442 nylei the Poker (level 7, 0/55 HPs)
             Began as a Human Wanderer on June 4, 2022.
             Was an Initiate of Ashenzari.
             Slain by a gnoll
             ... wielding a +0 halberd
              (9 damage)
             ... on level 5 of the Dungeon.
             The game lasted 00:09:49 (4767 turns).

nylei the Poker (Human Wanderer)                    Turns: 4767, Time: 00:09:49

Health: 0/55       AC:  6    Str: 12    XL:     7   Next: 23%
Magic:  0/8        EV:  9    Int: 13    God:    Ashenzari [......]
Gold:   181        SH:  4    Dex: 14    Spells: 7/8 levels left

rFire   . . .      SeeInvis .   a - +2 spear
rCold   . . .      Faith    .   b - +0 buckler
rNeg    + . .      Spirit   +   m - +0 ring mail
rPois   .          Reflect  .   l - +0 helmet
rElec   .          Harm     .   (no cloak)
rCorr   .          Rampage  .   (no gloves)
Will    .....                   (no boots)
Stlth   +.........              d - amulet of guardian spirit
HPRegen 0.18/turn               k - ring of positive energy
MPRegen 0.11/turn               (no ring)

@: about to teleport
A: no striking features
a: Renounce Religion


You were on level 5 of the Dungeon.
You worshipped Ashenzari.
Ashenzari was noncommittal.
You visited 2 branches of the dungeon, and saw 6 of its levels.

You collected 181 gold pieces.

Inventory:

Hand Weapons
 a - a +2 spear (weapon)
Armour
 b - a +0 buckler (worn)
 j - a +0 plate armour
 l - a +0 helmet (worn)
 m - a +0 ring mail (worn)
Jewellery
 d - an amulet of guardian spirit (around neck)
 k - a ring of positive energy (left hand)
Wands
 p - a wand of digging (5)
 v - a wand of iceblast (4)
Scrolls
 c - a scroll of teleportation
 h - a scroll of silence
 i - a scroll of poison
 n - 2 scrolls of vulnerability
 o - a scroll of noise
 r - 2 scrolls of summoning {unknown}
 s - a scroll of brand weapon {unknown}
 u - 2 scrolls of identify
 x - a scroll of immolation {unknown}
Potions
 e - a potion of brilliance
 q - 2 potions of might
 w - a potion of flight {unknown}


   Skills:
 + Level 4.6 Fighting
 - Level 5.0 Polearms
 + Level 4.6 Throwing
 - Level 2.0 Shields
 - Level 1.0 Spellcasting
 - Level 2.0 Necromancy
 + Level 1.0 Evocations


You had 7 spell levels left.
You knew the following spells:

 Your Spells              Type           Power      Damage    Failure   Level
a - Necrotize             Necr           20%        1d5       36%         1

Your spell library contained the following spells:

 Spells                   Type           Power      Damage    Failure   Level
 Sting                    Tmut/Pois      0%         1d3       65%         1
 Summon Small Mammal      Summ           0%         N/A       65%         1
 Vampiric Draining        Necr           5%         2d6       75%         3
 Blink                    Tloc           0%         N/A       78%         2
 Poisonous Vapours        Pois/Air       0%         N/A       78%         2
 Call Canine Familiar     Summ           0%         N/A       95%         3
 Lesser Beckoning         Tloc           0%         N/A       95%         3
 Summon Guardian Golem    Hex/Summ       0%         N/A       95%         3
 Hailstorm                Conj/Ice       0%         3d3       100%        4
 Ice Form                 Ice/Tmut       0%         N/A       100%        4
 Olgreb's Toxic Radiance  Pois           0%         N/A       100%        4
 Manifold Assault         Tloc           0%         N/A       100%        5
 Simulacrum               Ice/Necr       1%         N/A       100%        6


Dungeon Overview and Level Annotations

Branches:
Dungeon (5/15)             Temple (1/1) D:4

Altars:
Ashenzari
Cheibriados
Dithmenos
Elyvilon
Fedhas
Gozag
Hepliaklqana
Kikubaaqudgha
Makhleb
Nemelex Xobeh
Okawaru
Qazlal
Sif Muna
Trog
Uskayaw
Vehumet
Wu Jian
Xom
Yredelemnul
Zin
The Shining One


Message History

Here: a gnoll, wielding a +0 club The floor.
Unknown command.
Unknown command.
Unknown command.
You closely miss the gnoll.
The gnoll looks more healthy.
The gnoll hits you from afar with a +0 halberd!
* * * LOW HITPOINT WARNING * * *
The gnoll hits you with a +0 club.
* * * LOW HITPOINT WARNING * * *
Okay, then.
Okay, then.
Unknown command.
Okay, then.
You feel much better. The gnoll hits you with a +0 club.
The gnoll hits you from afar with a +0 halberd.
You puncture the gnoll!
The gnoll is severely wounded.
The gnoll hits you with a +0 club.
The gnoll hits you from afar with a +0 halberd.
You hit the gnoll but do no damage.
The gnoll is severely wounded.
You block the gnoll's attack.
The gnoll hits you from afar with a +0 halberd.
You hit the gnoll.
The gnoll is almost dead.
You barely miss the gnoll.
The gnoll is almost dead.
The gnoll barely misses you. The gnoll closely misses you.
You hit the gnoll but do no damage.
The gnoll is almost dead.
The gnoll hits you with a +0 club!
* * * LOW HITPOINT WARNING * * *
The gnoll closely misses you. The gnoll attacks as you move away!
The gnoll closely misses you.
As you read the scroll of teleportation, it crumbles to dust.
You feel strangely unstable. The gnoll hits you with a +0 club.
* * * LOW HITPOINT WARNING * * *
The gnoll hits you from afar with a +0 halberd!
You die...

#.....#...#.....># #.####..
#.....'...#......####...##..
#.....#...#......#..#)...+..
################......#...)...#..
......................#..##..##..
......................#..##).##..
......................#..##..'...
..............gg......'......#...
..).((....######@.....#..##..##..
.....##+###....###'########..##..
######...............#....#......
#...+....##....##....#....+......
'.>.#########'###....#....##'####
#...##)..##....'.....#...........
#...##.........##....#...........
.....#.........##....#...(.......
....##...##....#.....#...........


You could see 2 gnolls.

Vanquished Creatures
  5 killer bees (D:5)
  An orc priest (D:3)
  An iguana (D:4)
  Robin (D:2)
  5 gnolls
  2 adders
  3 worms
  A dart slug (D:1)
  10 orcs
  2 bats
  7 endoplasms
  A giant cockroach (D:4)
  9 goblins
  5 hobgoblins
  7 kobolds
  5 quokkas
  8 ball pythons
  5 rats
78 creatures vanquished.

Notes
Turn   | Place    | Note
-------+----------+-------------------------------------------
     0 | D:1      | nylei the Human Wanderer began the quest for the Orb.
     0 | D:1      | nylei set off with the following items: a +2 spear, a +0
                  | buckler, a scroll of teleportation, a +0 robe; and the
                  | following spell memorised: Necrotize; and the following
                  | spells available to memorise: Vampiric Draining
     0 | D:1      | Reached XP level 1. HP: 13/13 MP: 2/2
   185 | D:1      | Reached XP level 2. HP: 20/20 MP: 3/3
   196 | D:1      | Reached skill level 1 in Fighting
   196 | D:1      | Reached skill level 1 in Throwing
   792 | D:2      | Reached XP level 3. HP: 24/26 MP: 4/4
   971 | D:2      | Noticed Robin
  1047 | D:2      | Killed Robin
  1077 | D:2      | Reached XP level 4. HP: 23/33 MP: 5/5
  2154 | D:3      | Reached XP level 5. HP: 37/40 MP: 6/6
  2754 | D:4      | Found a staircase to the Ecumenical Temple.
  3658 | D:4      | Reached XP level 6. HP: 34/47 MP: 5/7
  3843 | Temple   | Entered the Ecumenical Temple
  3920 | Temple   | Became a worshipper of Ashenzari the Shackled
  3938 | D:5      | Entered Level 5 of the Dungeon
  3978 | D:5      | Reached XP level 7. HP: 26/55 MP: 5/8
  4741 | D:5      | Reached skill level 1 in Evocations
  4767 | D:5      | Slain by a gnoll

Illustrated notes

Levels and vault maps discovered:
D:1:      ebering_trefoil_3fold, layout_loops_cross
D:2:      layout_loops_ring, uniq_robin
D:3:      layout_loops_corners
D:4:      layout_basic, minmay_temple_entry_statues_pillars
D:5:      layout_gridville, serial_shops, shop_statue, nicolae_shop_statue_plus,
          shop
Temple:   dpeg_three_leaves_temple

Skill      XL: |  1  2  3  4  5  6  7 |
---------------+----------------------+-----
Fighting       | 1 2 3 4 |  4.6
Throwing       | 1 2 3 4 |  4.6
Evocations     | 1 |  1.0
Polearms       | |  5.0
Shields        | |  2.0
Spellcasting   | |  1.0
Necromancy     | |  2.0

Action                   |  1- 3 |  4- 6 |  7- 9 || total
-------------------------+-------+-------+-------++-------
Melee: Spear             |    83 |   152 |    55 ||   290
Throw: Dart              |     4 |     5 |     8 ||    17
       Throwing net      |       |       |     1 ||     1
Evoke: Wand              |       |     4 |       ||     4
  Use: Scroll            |     3 |     5 |     1 ||     9
       Potion            |       |       |     2 ||     2
 Stab: Sleeping          |     5 |       |       ||     5
Armor: Robe              |     6 |     7 |       ||    13
       Ring mail         |       |    23 |    15 ||    38
Dodge: Dodged            |    20 |    22 |    27 ||    69
Block: Buckler           |     6 |    26 |    12 ||    44

Table legend: (Time is in decaauts)
 A = Elapsed time spent in this place.
 B = Non-inter-level travel time spent in this place.
 C = Inter-level travel time spent in this place.
 D = Time resting spent in this place.
 E = Time spent auto-exploring this place.
 F = Levels seen in this place.
 G = Mean time per level.
                   A        B        C        D        E       F      G
               +--------+--------+--------+--------+--------+-----+--------+
         Total |   4732 |   4536 |    196 |   1178 |   2641 |   6 |  788.7 |
       Dungeon |   4651 |   4469 |    182 |   1178 |   2586 |   5 |  930.2 |
        Temple |     80 |     66 |     14 |      0 |     55 |   1 |   80.0 |
               +--------+--------+--------+--------+--------+-----+--------+

Top non-repeatable levels by time:
     D:4: 1171 daAuts
     D:2: 1063 daAuts
     D:3: 871 daAuts
     D:5: 820 daAuts
     D:1: 724 daAuts
  Temple: 80 daAuts
